 Dungeon Crawl Stone Soup version 0.26.1-2-gb8aa6d0cf2 (webtiles) character file.

Game seed: 16747917366802967837

41154 hawla the Thaumaturge (level 13, -1/73 HPs)
             Began as a Deep Elf Conjurer on Feb 23, 2021.
             Was a High Priest of Vehumet.
             Shot with a bolt by a yaktaur (18 damage)
             ... on level 14 of the Dungeon.
             The game lasted 01:20:11 (20496 turns).

hawla the Thaumaturge (Deep Elf Conjurer)          Turns: 20496, Time: 01:20:11

Health: -1/73      AC:  8    Str: 17    XL:     13   Next: 78%
Magic:  38/41      EV: 18    Int: 29    God:    Vehumet [*****.]
Gold:   162        SH:  6    Dex: 17    Spells: 7/39 levels left

rFire    + + +     SeeInvis .   w - staff of death
rCold    + . .     Faith    .   i - +1 buckler {rF+}
rNeg     + . .     Spirit   .   I - +1 robe "Hianiysuju" {Str+4 Dex+4 Stlth+}
rPois    .         Reflect  .   (no helmet)
rElec    .         Harm     .   L - scarf {rC+ rF+}
rCorr    .         Rampage  .   n - +2 pair of gloves {Str+3}
Will     +....                  e - +1 pair of boots
Stlth    ++++......             a - amulet of magic regeneration
HPRegen  0.22/turn              c - ring of magical power
MPRegen  0.52/turn              N - ring of Reimbursement {rF+ Str+6}

@: studying Fighting
A: no striking features
a: Renounce Religion


You were on level 14 of the Dungeon.
You worshipped Vehumet.
Vehumet was extremely pleased with you.
You visited 2 branches of the dungeon, and saw 15 of its levels.
You also visited: Gauntlet.

You collected 862 gold pieces.
You spent 700 gold pieces at shops.

Inventory:

Hand Weapons
 K - the +6 rapier "Emeoveyn" {venom, Fragile MP+9 Str+2 Int+4}
   (You took it off a minotaur in a Gauntlet)

   It poisons the flesh of those it strikes.
   It affects your strength (+2).
   It affects your intelligence (+4).
   It affects your magic capacity (+9).
   It will be destroyed if unequipped.
Missiles
 l - 5 silver javelins
 q - 6 boomerangs
 s - 9 silver boomerangs
 B - 13 javelins
 G - 4 curare-tipped darts (quivered)
Armour
 e - a +1 pair of boots (worn)
 i - a +1 buckler of fire resistance (worn)
 n - a +2 pair of gloves of strength (worn)
 H - a +2 robe of willpower
 I - the +1 robe "Hianiysuju" (worn) {Str+4 Dex+4 Stlth+}
   (You found it in a Gauntlet)

   It affects your strength (+4).
   It affects your dexterity (+4).
   It makes you more stealthy.
 L - a scarf of resistance (worn)
Magical Staves
 w - an uncursed staff of death (weapon)
 C - an uncursed staff of earth
Jewellery
 a - an amulet of magic regeneration (around neck)
 c - a ring of magical power (left hand)
 p - the amulet "Ziox" {Inacc rF- Int+8 Dex+2}
   (You found it in a Gauntlet)

   [amulet of inaccuracy]

   It reduces the accuracy of all your attacks.
   It affects your intelligence (+8).
   It affects your dexterity (+2).
   It makes you vulnerable to fire.
 t - an uncursed ring of flight
 F - an uncursed amulet of reflection {unknown}
 J - an uncursed ring of wizardry
 N - the ring of Reimbursement (right hand) {rF+ Str+6}
   (You found it in a Gauntlet)

   [ring of strength]

   It affects your strength (+6).
   It protects you from fire.
 O - a cursed ring of resist corrosion {unknown}
Wands
 g - a wand of random effects (22)
 r - a wand of digging (8)
 u - a wand of enslavement (5)
 A - a wand of disintegration (30)
 E - a wand of iceblast (9)
 M - a wand of flame (15)
Scrolls
 f - 5 scrolls of enchant weapon
 k - a scroll of remove curse
 m - 5 scrolls of teleportation
 D - a scroll of magic mapping
Potions
 b - 2 potions of brilliance
 h - a potion of flight
 j - a potion of magic
 o - a potion of berserk rage
 x - a potion of might
Books
 z - a manual of Fighting
Miscellaneous
 v - a phial of floods


   Skills:
 + Level 5.5 Fighting
 + Level 5.1 Staves
 - Level 1.0 Throwing
 + Level 8.9 Dodging
 - Level 5.0 Stealth
 - Level 4.0 Shields
 + Level 13.5 Spellcasting
 - Level 13.0 Conjurations
 - Level 4.0 Necromancy
 - Level 6.0 Translocations
 - Level 13.0 Fire Magic
 - Level 2.0 Earth Magic
 - Level 1.0 Poison Magic
 - Level 2.0 Evocations


You had 7 spell levels left.
You knew the following spells:

 Your Spells              Type           Power        Failure   Level
a - Magic Dart            Conj           100%         0%          1
b - Searing Ray           Conj           100%         0%          2
c - Iskenderun's Mystic   Conj/Tloc      65%          1%          4
d - Apportation           Tloc           100%         1%          1
e - Conjure Flame         Conj/Fire      76%          1%          3
f - Fireball              Conj/Fire      38%          1%          5
g - Vampiric Draining     Necr           29%          1%          3
h - Sticky Flame          Conj/Fire      76%          1%          4
i - Olgreb's Toxic Radia  Pois           25%          4%          4
j - Agony                 Necr           59%          14%         5

Your spell library contained the following spells:

 Spells                   Type           Power        Failure   Level
 Conjure Ball Lightning   Conj/Air       27%          8%          6
 Foxfire                  Conj/Fire      100%         0%          1
 Animate Skeleton         Necr           100%         1%          1
 Freeze                   Ice            76%          1%          1
 Pain                     Necr           100%         1%          1
 Dazzling Flash           Conj/Hex       100%         1%          3
 Gell's Gravitas          Tloc           26%          1%          3
 Inner Flame              Hex/Fire       55%          1%          3
 Fulminant Prism          Conj/Hex       27%          1%          4
 Hailstorm                Conj/Ice       55%          1%          4
 Corona                   Hex            21%          2%          1
 Summon Small Mammal      Summ           76%          2%          1
 Frozen Ramparts          Ice            38%          2%          3
 Ensorcelled Hibernation  Hex/Ice        38%          4%          2
 Animate Dead             Necr           29%          4%          4
 Confusing Touch          Hex            19%          8%          3
 Ozocubu's Armour         Ice            19%          8%          3
 Tukima's Dance           Hex            19%          8%          3
 Petrify                  Tmut/Erth      25%          17%         4
 Freezing Cloud           Conj/Ice/Air   22%          17%         6
 Yara's Violent Unravell  Hex/Tmut       9%           19%         5
 Summon Ice Beast         Ice/Summ       19%          26%         4
 Metabolic Englaciation   Hex/Ice        9%           58%         5


Dungeon Overview and Level Annotations

Branches:
Dungeon (14/15)            Temple (1/1) D:7            Lair (0/6) D:8
    Orc (0/2) D:12        Gauntlet (visited)
 Vaults: D:13-14

Altars:
Ashenzari
Cheibriados
Dithmenos
Elyvilon
Fedhas
Gozag
Hepliaklqana
Kikubaaqudgha
Makhleb
Nemelex Xobeh
Okawaru
Qazlal
Ru
Sif Muna
Trog
Uskayaw
Vehumet
Wu Jian
Xom
Yredelemnul
Zin
The Shining One

Shops:
D:6 *   D:7 =   D:8 }   D:12 *


Message History

A cyclops comes into view.
Things that are here:
a +0 dagger; 17 gold pieces; a stone The yaktaur shouts!
You hear a shout!
The yaktaur wields a +0 arbalest.
The yaktaur shoots a bolt.
The bolt hits you!!
Things that are here:
a bolt; a +0 dagger; a kobold skeleton A kobold demonologist and an orc priest come into view.
The kobold demonologist mumbles some strange words.
The cyclops throws a large rock.
The large rock closely misses you.
The yaktaur shoots a bolt.
The bolt closely misses you.
You hear a shout!
You see here a bolt.
The cyclops hits you!!
* * * LOW HITPOINT WARNING * * *
You are too injured to fight recklessly!
Okay, then.
You feel better.
The yaktaur shoots a bolt.
The bolt hits you!!
You die...

,,,##..,,* *,,,,,,,**,,,,***,,,,,
,,,#...,,* *,,,,,..#*,,,,,,,,,,,,
+**#...*** *,,,,,..#*,,,,,,,,,,,,
,* #...####*###**..#******,,,****
,* #......#∩,..,*..#,,,,,*,,,*
,**#......#,,*K##..#*,*,,*,,,####
,,,+......#.*,#.#..#,*,*,*,,,+...
,,*#......#..##.#C.#.##.,*,,,#.##
,,*#......#,#.5.@......#,****#.##
,,##......#####(#..#.######* #..(
.,+..........)(...)........* #..#
..######.[.(.(....c........#*#..#
.....)..((#####.#..#o###*#..*#..#
......().)#,*,.........*,*#.##F.#
.........(#,,*#.#..#.##.,*#......
.#####'#.[#,*,#.#..#.#,*,*##....#
,#####'#[<#,,*.##,.#*.*,,* #∩....


You could see a cyclops, a yaktaur, a kobold demonologist, an orc priest and a
quasit (summoned).

Vanquished Creatures
  A minotaur (Gauntlet)
  An entropy weaver (Gauntlet)
  6 hydras
  4 boulder beetles
  Harold (D:7)
  A centaur warrior (D:13)
  Erica (D:10)
  4 two-headed ogres
  2 tengu warriors
  A deep elf knight (D:14)
  4 skeletal warriors
  2 unseen horrors
  5 ugly things
  7 deep elf magi
  A manticore (D:11)
  A cyclops (D:11)
  A gargoyle (D:14)
  Psyche (D:9)
  Maggie (D:9)
  A kobold demonologist (D:13)
  An efreet (D:13)
  A freezing wraith (D:14)
  3 yaktaurs (D:14)
  A tengu conjurer (D:13)
  A jumping spider (Gauntlet)
  A tyrant leech (Gauntlet)
  A hornet (D:14)
  Grinder (D:4)
  A redback (Gauntlet)
  3 wraiths (D:12)
  4 shadows
  5 wyverns
  Grum (D:9)
  11 yaks (D:12)
  6 vampire mosquitoes
  2 water moccasins
  3 swamp worms (Gauntlet)
  2 acid dragons
  9 orc warriors
  4 ice beasts
  A phantom (D:5)
  3 black bears
  3 necrophages
  A sky beast (D:5)
  4 ogres
  3 wolves (D:9)
  12 centaurs
  10 big kobolds
  9 bullfrogs
  A wyvern zombie (D:11)
  2 gnoll sergeants
  5 scorpions
  A troll zombie (D:12)
  18 killer bees
  9 wights
  13 howler monkeys
  A quasit (D:10)
  4 bullfrog zombies
  4 hounds
  4 human zombies (D:12)
  13 orc wizards
  5 jellies
  7 orc priests
  2 centaur skeletons
  Crazy Yiuf (D:4)
  2 iguanas
  3 human skeletons (D:12)
  4 bullfrog skeletons
  14 worker ants
  7 ogre zombies (D:12)
  A hound skeleton (D:11)
  2 mummies
  A howler monkey zombie (D:6)
  A worker ant zombie (D:6)
  19 gnolls
  16 adders
  3 shadow imps
  3 white imps
  An ufetubus (D:6)
  2 oozes
  An adder zombie (D:8)
  5 worms
  A dart slug (D:3)
  4 leopard geckos
  45 orcs
  9 bats
  8 giant cockroaches
  2 hobgoblins
  24 jackals
  8 quokkas
  8 frilled lizards
  9 goblins
  A goblin zombie (D:12)
  7 hobgoblin zombies
  A jackal skeleton (D:8)
  32 kobolds
  A kobold zombie (D:7)
  4 orc skeletons (D:12)
  16 orc zombies
  A quokka skeleton (D:7)
  10 rats
519 creatures vanquished.

Vanquished Creatures (others)
  A gnoll (D:9)
1 creature vanquished.

Grand Total: 520 creatures vanquished

Notes
Turn   | Place    | Note
-------+----------+-------------------------------------------
     0 | D:1      | hawla the Deep Elf Conjurer began the quest for the Orb.
     0 | D:1      | Reached XP level 1. HP: 10/10 MP: 6/6
   120 | D:1      | Found a sparkling altar of Nemelex Xobeh.
   279 | D:1      | Reached XP level 2. HP: 15/15 MP: 6/8
   282 | D:1      | Learned a level 2 spell: Searing Ray
   949 | D:2      | Reached skill level 1 in Fire Magic
   949 | D:2      | Reached XP level 3. HP: 18/20 MP: 9/9
  1127 | D:2      | Reached skill level 1 in Translocations
  1665 | D:2      | Reached XP level 4. HP: 24/24 MP: 11/11
  2221 | D:2      | Learned a level 4 spell: Iskenderun's Mystic Blast
  2224 | D:3      | Reached skill level 1 in Fighting
  2412 | D:3      | Reached XP level 5. HP: 29/29 MP: 9/12
  2539 | D:3      | Found a blossoming altar of Fedhas.
  2586 | D:3      | Reached skill level 5 in Conjurations
  2864 | D:3      | Found a radiant altar of Vehumet.
  2864 | D:3      | Found a sacrificial altar of Ru.
  3040 | D:4      | Learned a level 4 spell: Sticky Flame
  3313 | D:4      | Reached XP level 6. HP: 20/34 MP: 7/14
  3659 | D:4      | Reached skill level 5 in Spellcasting
  4117 | D:4      | Noticed Grinder
  4125 | D:4      | Killed Grinder
  4126 | D:4      | Reached skill level 5 in Dodging
  4126 | D:4      | Reached XP level 7. HP: 33/38 MP: 16/18
  4371 | D:4      | Found a runed translucent door.
  4372 | D:4      | Noticed Crazy Yiuf
  4655 | D:4      | Killed Crazy Yiuf
  4735 | D:5      | Entered Level 5 of the Dungeon
  4786 | D:5      | Reached skill level 1 in Throwing
  4942 | D:5      | Reached skill level 1 in Staves
  5053 | D:5      | Reached XP level 8. HP: 43/43 MP: 19/19
  5843 | D:6      | Got a shimmering trident
  5843 | D:6      | Identified the +3 trident of Duty {vorpal, rF+} (You found
                  | it on level 6 of the Dungeon)
  5886 | D:6      | Learned a level 3 spell: Conjure Flame
  5930 | D:6      | Found Tainguah's Assorted Antiques.
  6233 | D:6      | Found a white marble altar of Elyvilon.
  6521 | D:6      | Reached skill level 5 in Fire Magic
  6553 | D:6      | Reached XP level 9. HP: 48/48 MP: 22/22
  6863 | D:6      | Bought a twisted runed staff for 336 gold pieces
  6997 | D:7      | Found Vuludag's Jewellery Shop.
  7045 | D:7      | Reached skill level 1 in Earth Magic
  7063 | D:7      | Reached skill level 1 in Evocations
  7173 | D:7      | Found a staircase to the Ecumenical Temple.
  7241 | Temple   | Entered the Ecumenical Temple
  7609 | D:3      | Became a worshipper of Vehumet
  8777 | D:8      | Reached * piety under Vehumet
  8777 | D:8      | Offered knowledge of Freeze by Vehumet.
  9074 | D:8      | Noticed Harold
  9107 | D:7      | Killed Harold
  9108 | D:7      | Reached skill level 5 in Stealth
  9348 | D:8      | Found Loatosm's Gadget Boutique.
  9405 | D:8      | Found an ancient bone altar of Kikubaaqudgha.
  9496 | D:8      | Found a staircase to the Lair.
  9673 | D:9      | Reached XP level 10. HP: 31/54 MP: 20/24
  9819 | D:9      | Noticed Psyche
  9827 | D:9      | Killed Psyche
  9975 | D:9      | Found a burning altar of Makhleb.
 10042 | D:9      | Noticed Maggie
 10047 | D:9      | Noticed a two-headed ogre
 10053 | D:9      | Killed Maggie
 10452 | D:9      | Noticed Grum
 10461 | D:9      | Killed Grum
 10573 | D:9      | Offered knowledge of Sandblast by Vehumet.
 10579 | D:9      | Killed a two-headed ogre
 10579 | D:9      | Reached ** piety under Vehumet
 10748 | D:10     | Entered Level 10 of the Dungeon
 10897 | Temple   | Learned a level 1 spell: Apportation
 10903 | Temple   | Learned a level 5 spell: Fireball
 11434 | D:10     | Noticed Erica
 11444 | D:10     | Killed Erica
 11722 | D:11     | Offered knowledge of Mephitic Cloud by Vehumet.
 11751 | D:11     | Reached XP level 11. HP: 34/60 MP: 15/26
 11949 | D:11     | Noticed a deep elf mage
 11950 | D:11     | Found the +8 glaive of the Guard {elec, spectral, AC+5}
 11968 | D:11     | Noticed a five-headed hydra
 11972 | D:11     | Noticed a tengu warrior
 12073 | D:11     | Noticed a two-headed ogre
 12076 | D:11     | Killed a two-headed ogre
 12082 | D:11     | Noticed a deep elf mage
 12093 | D:11     | Killed a deep elf mage
 12094 | D:11     | Reached skill level 1 in Shields
 12099 | D:11     | Killed a five-headed hydra
 12100 | D:11     | Reached skill level 5 in Translocations
 12188 | D:11     | Noticed a boulder beetle
 12200 | D:11     | Killed a boulder beetle
 12254 | D:11     | Noticed a cyan ugly thing
 12266 | D:11     | Killed a cyan ugly thing
 12267 | D:11     | Reached skill level 10 in Spellcasting
 12270 | D:11     | Reached *** piety under Vehumet
 12525 | D:11     | Killed a deep elf mage
 12525 | D:11     | Noticed a purple ugly thing
 12526 | D:11     | Reached skill level 10 in Conjurations
 12526 | D:11     | Reached skill level 10 in Fire Magic
 12537 | D:11     | Killed a purple ugly thing
 12551 | D:11     | Noticed a two-headed ogre
 12555 | D:11     | Killed a two-headed ogre
 12681 | D:11     | Offered knowledge of Airstrike by Vehumet.
 12908 | D:11     | Killed a tengu warrior
 12930 | D:11     | Killed an unseen horror
 13192 | D:11     | Identified the Volume of Conjuration and the Snowflakes
 13217 | D:11     | Found an ornate altar of the Wu Jian Council.
 13218 | D:11     | Found a glowing silver altar of Zin.
 13218 | D:11     | Found an ancient bone altar of Kikubaaqudgha.
 13412 | D:11     | Reached XP level 12. HP: 40/66 MP: 28/28
 13416 | D:11     | Learned a level 3 spell: Vampiric Draining
 13495 | D:11     | Noticed a boulder beetle
 13503 | D:11     | Killed a boulder beetle
 13892 | D:12     | Reached skill level 1 in Necromancy
 14074 | D:12     | Noticed a two-headed ogre
 14080 | D:12     | Killed a two-headed ogre
 14108 | D:12     | Found Veisut's General Store.
 14217 | D:12     | Learned a level 4 spell: Sticky Flame
 14314 | D:12     | Reached **** piety under Vehumet
 14369 | D:12     | Found a staircase to the Orcish Mines.
 14733 | D:12     | Found a white marble altar of Elyvilon.
 14765 | D:12     | Noticed a six-headed hydra
 14773 | D:12     | Killed a six-headed hydra
 14773 | D:12     | Offered knowledge of Olgreb's Toxic Radiance by Vehumet.
 14779 | D:12     | Learned a level 4 spell: Olgreb's Toxic Radiance
 14794 | D:12     | Reached skill level 1 in Poison Magic
 15165 | D:12     | Reached ***** piety under Vehumet
 15165 | D:12     | Offered knowledge of Irradiate by Vehumet.
 15503 | D:12     | Found an ancient bone altar of Kikubaaqudgha.
 16709 | D:6      | Bought a glowing scarf for 224 gold pieces
 16709 | D:6      | Bought a peridot ring for 140 gold pieces
 16727 | D:6      | Identified a scroll of acquirement
 16856 | Temple   | Acquired a +2 pair of gloves of strength
 17100 | D:13     | Noticed a five-headed hydra
 17105 | D:13     | Killed a five-headed hydra
 17249 | D:13     | Noticed a five-headed hydra
 17256 | D:13     | Killed a five-headed hydra
 17257 | D:13     | Reached XP level 13. HP: 70/70 MP: 30/31
 18672 | D:14     | Found a gate leading to a gauntlet.
 18680 | Gauntlet | Entered a Gauntlet
 18680 | Gauntlet | Found a transporter.
 18680 | Gauntlet | Found a transporter.
 18680 | Gauntlet | Found a transporter.
 18682 | Gauntlet | Noticed an entropy weaver
 18743 | Gauntlet | Found a transporter.
 18771 | Gauntlet | Found a transporter.
 18787 | Gauntlet | Found a transporter.
 18812 | Gauntlet | Found a transporter.
 18843 | Gauntlet | Found a transporter.
 18848 | Gauntlet | Found a transporter.
 18891 | Gauntlet | Killed an entropy weaver
 18986 | Gauntlet | Offered knowledge of Conjure Ball Lightning by Vehumet.
 19007 | Gauntlet | Got a translucent graven amulet
 19011 | Gauntlet | Got a bloodstained robe
 19022 | Gauntlet | Identified the +1 robe "Hianiysuju" {Str+4 Dex+4 Stlth+}
                  | (You found it in a Gauntlet)
 19032 | Gauntlet | Identified the amulet "Ziox" {Inacc rF- Int+8 Dex+2} (You
                  | found it in a Gauntlet)
 19080 | Gauntlet | Learned a level 5 spell: Agony
 19105 | Gauntlet | Identified the +6 rapier "Emeoveyn" {venom, Fragile MP+9
                  | Str+2 Int+4}
 19105 | Gauntlet | Noticed a minotaur
 19115 | Gauntlet | Killed a minotaur
 19411 | Gauntlet | Got a scintillating ivory ring
 19667 | D:13     | Identified the ring of Reimbursement {rF+ Str+6} (You found
                  | it in a Gauntlet)
 20071 | D:14     | Reached skill level 5 in Fighting
 20157 | D:14     | Reached skill level 5 in Staves
 20496 | D:14     | Shot with a bolt by a yaktaur

Illustrated notes

Levels and vault maps discovered:
D:1:      enne_arrival_octagon_isle, layout_loops_ring, minivault_11,
          nemelex_xobeh_ov_fountains_minmay
D:2:      layout_basic
D:3:      layout_rooms, gammafunk_temple_overflow_statue, fedhas_altar_1
D:4:      wad_pebble_path, layout_rooms, kennysheep_generic_room_7,
          uniq_grinder, uniq_crazy_yiuf_cottage
D:5:      layout_rooms
D:6:      minmay_chambers_of_sixes, layout_basic, elyvilon_altar_5,
          serial_shops, nicolae_shop_crystal, amcnicky_mini_corridor_feature
D:7:      layout_basic, temple_doors_cd, serial_shops, nicolae_shop_crystal,
          minmay_crystal_room, minmay_misc_feat_chi, minmay_mini_ossuary
D:8:      layout_basic, kennysheep_mini_moat, lair_entry_dummy, serial_shops,
          shop, uniq_harold
D:9:      minmay_angry_zag, layout_rooms, lemuel_round_altar, uniq_psyche,
          uniq_grum, uniq_maggie
D:10:     layout_rooms, uniq_erica
D:11:     minmay_the_grid_octo_2x2 [minmay_the_grid_octo_vomiting_pacman,
          minmay_the_grid_octo_fat_diamond, minmay_the_grid_octo_horde,
          minmay_the_grid_octo_prize_star], layout_irregular_city
D:12:     layout_cave_pods, zombieorc2_lemuel, basic_altar, serial_shops, shop,
          lemuel_mausoleum_altar_kikubaaqudgha
D:13:     layout_cave_pools, serial_column_ruins, column_ruins_hut,
          column_ruins_hut, column_ruins_open_tiny, column_ruins_open_medium,
          column_ruins_columns_straight
D:14:     layout_basic, hangedman_vaults_entry_quadrant_bands,
          gauntlet_entry_generic, minmay_misc_feat_hallway
Temple:   minmay_crystal_spiral_temple

Skill      XL: |  1  2  3  4  5  6  7  8  9 10 11 12 13 |
---------------+----------------------------------------+-----
Fire Magic     | 1 2 3 5 6 9 10 12 13 | 13.0
Translocations | 1 2 3 4 5 6 |  6.0
Dodging        | 3 5 6 7 8 |  8.9
Fighting       | 1 2 3 4 5 |  5.5
Stealth        | 3 4 5 |  5.0
Spellcasting   | 4 6 7 8 9 10 12 13 | 13.5
Conjurations   | 5 6 8 9 10 12 13 | 13.0
Throwing       | 1 |  1.0
Staves         | 1 3 4 5 |  5.1
Earth Magic    | 2 |  2.0
Evocations     | 2 |  2.0
Shields        | 3 4 |  4.0
Necromancy     | 3 4 |  4.0
Poison Magic   | 1 |  1.0

Action                   |  1- 3 |  4- 6 |  7- 9 | 10-12 | 13-15 || total
-------------------------+-------+-------+-------+-------+-------++-------
Melee: Dagger            |       |    10 |       |       |       ||    10
       Quarterstaff      |       |       |     4 |       |       ||     4
       Trident           |       |       |     5 |       |       ||     5
       Staff             |       |       |    17 |    83 |     7 ||   107
Throw: Dart              |       |       |       |     7 |     4 ||    11
 Cast: Magic Dart        |    36 |    22 |    48 |    47 |    14 ||   167
       Searing Ray       |    18 |    28 |    81 |   111 |    41 ||   279
       Iskenderun's Myst |       |    10 |    13 |   155 |    53 ||   231
       Sticky Flame      |       |     1 |     1 |     4 |     4 ||    10
       Conjure Flame     |       |       |    10 |       |       ||    10
       Fireball          |       |       |       |    30 |    18 ||    48
       Vampiric Draining |       |       |       |     9 |     4 ||    13
       Olgreb's Toxic Ra |       |       |       |     5 |    11 ||    16
Evoke: Wand              |       |       |       |     9 |     1 ||    10
  Use: Scroll            |     3 |     7 |     9 |    12 |     4 ||    35
       Potion            |       |     2 |     1 |     8 |     4 ||    15
 Stab: Distracted        |       |       |       |     1 |       ||     1
Armor: Robe              |     3 |    14 |    15 |    41 |    16 ||    89
       Skin              |       |       |       |       |     6 ||     6
Dodge: Dodged            |    11 |    59 |    55 |   170 |    55 ||   350
Block: Buckler           |       |       |       |    29 |    29 ||    58
